[Event "Titled Tuesday Blitz November 07 Early 2023"]
[White "Kubicka, Anna"]
[Black "Grigoriants, Sergey"]
[WhiteFideId "1152254"]
[BlackFideId "4130804"]
[WhiteElo "2503"]
[BlackElo "2951"]
[Result "0-1"]
[Round "1"]
[TimeControl "180+1"]
[Date "2023.11.07"]
[WhiteClock "0:00:03"]
[BlackClock "0:00:11"]
[Board "24"]

1. e4 e6 2. d4 d5 3. Nd2 c5 4. exd5 Qxd5 5. Ngf3 cxd4 6. Bc4 Qd7 7. O-O Nc6 8. Nb3 a6 9. Nbxd4 Nxd4 10. Nxd4 Qc7 11. Qe2 Bd6 12. h3 Ne7 13. c3 O-O 14. Bg5 h6 15. Be3 b6 16. Rad1 Bb7 17. Bd3 Nd5 18. Bc1 Bh2+ 19. Kh1 Bf4 20. Be4 Bxc1 21. Rxc1 Rad8 22. Qf3 Rd7 23. Rcd1 Rfd8 24. Rfe1 b5 25. a3 Nb6 26. Bxb7 Qxb7 27. Qxb7 Rxb7 28. Nc6 Rxd1 29. Rxd1 Nc4 30. Nb4 a5 31. Nc6 a4 32. Nd8 Rc7 33. Rb1 Kf8 34. b3 Nd2 35. Rd1 Nxb3 36. Rd6 Na5 37. Ra6 Nc4 38. Nc6 g5 39. Nd4 Nxa3 40. Ra5 Rxc3 41. Nxb5 Nxb5 42. Rxb5 Rc2 43. Ra5 Rxf2 44. Rxa4 Kg7 45. Kg1 Rc2 46. Re4 Kg6 47. Re3 h5 48. Re5 h4 49. Kf1 Rc6 50. Re4 f5 51. Ra4 Kf6 52. Kf2 Rc2+ 53. Kf3 Rc3+ 54. Kf2 Rg3 55. Ra6 g4 56. hxg4 Rxg4 57. Ra8 Rf4+ 58. Ke3 Rb4 59. Kf2 Rb2+ 60. Kf3 Rb3+ 61. Kf2 h3 62. gxh3 Rxh3 63. Ra5 e5 64. Ra6+ Kg5 65. Ra8 e4 66. Ra5 Kf4 67. Kg2 Rb3 68. Kf1 Rb1+ 69. Ke2 Rb2+ 70. Kf1 e3 71. Ra3 Kf3 72. Ra1 f4 73. Re1 Rd2 74. Kg1 e2 75. Kh2 Rd1 76. Rf1+ Rxf1 77. Kh3 Rh1# 0-1


[Site "https://www.chess.com"]

[Event "Titled Tuesday Blitz November 07 Early 2023"]
[White "Harsh Suresh"]
[Black "Lund, Gunnar"]
[WhiteFideId "45018464"]
[BlackFideId "1520814"]
[WhiteElo "2947"]
[BlackElo "2503"]
[Result "1-0"]
[Round "1"]
[TimeControl "180+1"]
[Date "2023.11.07"]
[WhiteClock "0:00:11"]
[BlackClock "0:00:00"]
[Board "25"]

1. d4 d6 2. Nf3 Nf6 3. c4 Nbd7 4. g3 e5 5. Bg2 Be7 6. O-O O-O 7. Nc3 c6 8. e4 Qc7 9. d5 cxd5 10. cxd5 a6 11. h3 b5 12. Ne1 Nb6 13. Nd3 Bd7 14. a3 Rfc8 15. Re1 Qb7 16. Bf1 Nc4 17. Kh2 Bd8 18. Nb4 a5 19. Nc2 Bb6 20. Ne3 Bxe3 21. Bxe3 Nxb2 22. Qb3 Nc4 23. a4 Nxe3 24. Rxe3 b4 25. Nb5 Qb6 26. Kg2 Rc5 27. Be2 Rac8 28. g4 h6 29. Kh2 Rc2 30. Rg1 Rd2 31. Rd1 Rxd1 32. Qxd1 g5 33. Kg2 Kg7 34. Qb1 Be8 35. Rf3 Nd7 36. h4 Nf8 37. h5 Nd7 38. Re3 Nc5 39. Na3 Nxa4 40. Nc4 Qc5 41. Bf1 Nc3 42. Qc2 Bb5 43. Nd2 Bxf1+ 44. Nxf1 a4 45. Ng3 b3 46. Nf5+ Kh7 47. Qb2 Nd1 48. Qe2 Nxe3+ 49. Nxe3 b2 50. Qxb2 Qd4 51. Qb7 Qxe4+ 52. f3 Qxe3 53. Qxf7+ Kh8 54. Qf6+ Kg8 55. Qg6+ Kh8 56. Qxh6+ Kg8 57. Qg6+ Kh8 58. Qh6+ Kg8 59. Qg6+ Kh8 60. Qf6+ Kg8 61. Qe6+ Kh7 62. Qd7+ Kh6 63. Qxd6+ 1-0


[Site "https://www.chess.com"]

[Event "Titled Tuesday Blitz November 07 Early 2023"]
[White "Khater, Sherif"]
[Black "Boros, Denes"]
[WhiteFideId "2034280"]
[BlackFideId "722340"]
[WhiteElo "2503"]
[BlackElo "2946"]
[Result "0-1"]
[Round "1"]
[TimeControl "180+1"]
[Date "2023.11.07"]
[WhiteClock "0:00:48"]
[BlackClock "0:01:16"]
[Board "26"]

1. c4 Nc6 2. Nf3 e5 3. d3 Bc5 4. Nc3 Nge7 5. g3 d5 6. cxd5 Nxd5 7. Bg2 Nxc3 8. bxc3 e4 9. dxe4 Qxd1+ 10. Kxd1 Be6 11. Ke1 O-O-O 12. Nd2 Na5 13. f4 f6 14. Bf3 h5 15. h4 Rd6 16. e5 Rd7 17. Ne4 Be7 18. exf6 gxf6 19. Be3 b6 20. Kf2 Bd5 21. Nd2 f5 22. Bxd5 Rxd5 23. Nf3 Nc4 24. Bd4 Rhd8 25. Be5 Ba3 26. Rab1 Kb7 27. Rb3 a5 28. Rbb1 a4 29. Rhf1 Bc5+ 30. Bd4 Be7 31. Rbc1 Nd6 32. c4 Ne4+ 33. Kg2 Rxd4 34. Nxd4 Rxd4 35. Rc2 Bc5 36. Rf3 Ka6 37. Rd3 Ka5 38. Rxd4 Bxd4 39. Kf3 c6 40. e3 Bf6 41. a3 Be7 42. Ra2 b5 43. cxb5 cxb5 44. Ra1 Nd2+ 45. Ke2 Nc4 46. Rd1 Bxa3 47. Rd5 Bb2 48. Rxf5 a3 49. Rf8 Ka4 50. Rd8 a2 51. Rd1 Na3 52. e4 Nb1 53. Rd8 Ba3 54. Rd1 a1=Q 55. e5 Nc3+ 0-1


[Site "https://www.chess.com"]

[Event "Titled Tuesday Blitz November 07 Early 2023"]
[White "Rostovtsev, Dmitry"]
[Black "Gatterer, Florian"]
[WhiteFideId "34278320"]
[BlackFideId "811688"]
[WhiteElo "2943"]
[BlackElo "2502"]
[Result "1-0"]
[Round "1"]
[TimeControl "180+1"]
[Date "2023.11.07"]
[WhiteClock "0:01:57"]
[BlackClock "0:00:00"]
[Board "27"]

1. d4 Nf6 2. c4 g6 3. Nc3 d5 4. cxd5 Nxd5 5. e4 Nxc3 6. bxc3 Bg7 7. Nf3 c5 8. Bb5+ Nc6 9. O-O O-O 10. Bxc6 bxc6 11. Qc2 Qa5 12. Ne5 Bxe5 13. dxe5 Be6 14. Bg5 f6 15. exf6 exf6 16. Be3 Rfd8 17. f3 Rd7 18. Rfc1 Bc4 19. Qf2 Rd3 20. Bxc5 Rad8 21. Bd4 Qa4 22. h4 h5 23. Bxf6 Rd1+ 24. Rxd1 Rxd1+ 25. Rxd1 Qxd1+ 26. Kh2 Qd6+ 27. e5 Qd5 28. Qxa7 Qf7 29. Qa8+ Qf8 30. Qxc6 Bxa2 31. c4 Qf7 32. c5 Be6 33. Qd6 Qd7 34. c6 Qc8 35. c7 Qd7 36. Qc5 Qc8 37. Kg3 Qd7 38. Kf4 Qc8 39. Qe7 Qd7 40. Qd8+ Kf7 41. Kg5 Qc8 42. Qe7+ 1-0


[Site "https://www.chess.com"]

[Event "Titled Tuesday Blitz November 07 Early 2023"]
[White "Bilan, Danila"]
[Black "Kovalev, Vladislav"]
[WhiteFideId "24161918"]
[BlackFideId "13504398"]
[WhiteElo "2501"]
[BlackElo "2931"]
[Result "1-0"]
[Round "1"]
[TimeControl "180+1"]
[Date "2023.11.07"]
[WhiteClock "0:00:20"]
[BlackClock "0:00:15"]
[Board "28"]

1. d4 Nf6 2. Nf3 g6 3. Bg5 Bg7 4. c3 O-O 5. Nbd2 d6 6. e4 c5 7. dxc5 dxc5 8. Bc4 Nc6 9. a4 Qc7 10. O-O h6 11. Bh4 Nh5 12. Re1 b6 13. Qc2 e5 14. Nf1 Bg4 15. Ne3 Bxf3 16. gxf3 Ne7 17. Rad1 Nf4 18. Rd2 Rad8 19. Red1 h5 20. Bb5 Rxd2 21. Qxd2 g5 22. Bg3 Nfg6 23. Nf5 h4 24. Qxg5 hxg3 25. Rd7 gxf2+ 26. Kxf2 Qb8 27. Rxe7 Re8 28. Rxe8+ Qxe8 29. Bxe8 1-0


[Site "https://www.chess.com"]

[Event "Titled Tuesday Blitz November 07 Early 2023"]
[White "Makhnev, Denis"]
[Black "Khamdamova, Afruza"]
[WhiteFideId "13707647"]
[BlackFideId "14210444"]
[WhiteElo "2929"]
[BlackElo "2501"]
[Result "1/2-1/2"]
[Round "1"]
[TimeControl "180+1"]
[Date "2023.11.07"]
[WhiteClock "0:00:05"]
[BlackClock "0:00:06"]
[Board "29"]

1. d4 Nf6 2. c4 e6 3. Nf3 d5 4. g3 dxc4 5. Bg2 c5 6. O-O Nc6 7. Qa4 Bd7 8. Qxc4 b5 9. Qd3 c4 10. Qc2 Rc8 11. Nc3 b4 12. Ne4 Nxe4 13. Qxe4 Be7 14. Rd1 O-O 15. Bf4 Qb6 16. Rac1 Qa6 17. Qb1 Rfd8 18. e4 Na5 19. Bf1 Qb6 20. Be3 Qb8 21. Ne5 Ba4 22. Re1 Bd6 23. Nxc4 Nxc4 24. Bxc4 Bc6 25. Bd3 h6 26. b3 Qb7 27. Red1 Be7 28. f3 Bf6 29. Bc4 Rd7 30. Rd2 Rcd8 31. Rcd1 h5 32. Rd3 a5 33. Qb2 Bb5 34. Qe2 Qc6 35. R3d2 Bxc4 36. bxc4 a4 37. d5 exd5 38. exd5 Qc7 39. c5 Bc3 40. Rd3 Qe5 41. d6 Re8 42. Qf2 Rc8 43. Rd5 Qf6 44. Rxh5 b3 45. axb3 axb3 46. Rhd5 b2 47. Qc2 Re8 48. Kf2 Qe6 49. Qxc3 b1=Q 50. Rxb1 Qxd5 51. Re1 Qa2+ 52. Re2 Qd5 53. h4 Rc8 54. Bd4 Rxd6 55. Bxg7 Rxc5 56. Qb2 Rc8 57. Be5 Re6 58. Bf4 Qc5+ 59. Kg2 Rxe2+ 60. Qxe2 Qc2 61. Qxc2 Rxc2+ 62. Kh3 Kh7 63. g4 Rc3 64. Kg3 Rb3 65. h5 Rb4 66. Be5 Rb5 67. f4 Rb3+ 68. Kh4 Rb1 69. g5 Rh1+ 70. Kg4 Rg1+ 71. Kf5 Rh1 72. Kf6 Kg8 73. h6 Rh3 74. f5 Rh1 75. Bf4 Rh4 76. Be3 Rh3 77. Bc5 Rh2 78. Bd6 Rh1 79. Bf4 Rh4 80. Ke5 Rh3 81. Ke4 Rh1 82. Be5 Rh4+ 83. Bf4 Rh3 84. Be3 Rh1 85. Bd4 Rh4+ 86. Ke5 Rh5 87. Kf6 Rh1 88. Be3 Rh3 89. Bf4 Rh4 1/2-1/2


[Site "https://www.chess.com"]

[Event "Titled Tuesday Blitz November 07 Early 2023"]
[White "Lehtosaari, Mauri"]
[Black "Navara, David"]
[WhiteFideId "501999"]
[BlackFideId "309095"]
[WhiteElo "2501"]
[BlackElo "2927"]
[Result "0-1"]
[Round "1"]
[TimeControl "180+1"]
[Date "2023.11.07"]
[WhiteClock "0:00:26"]
[BlackClock "0:01:21"]
[Board "30"]

1. d4 d5 2. c4 e6 3. Nc3 c6 4. e4 Bb4 5. cxd5 exd5 6. e5 c5 7. Nf3 Nc6 8. Bb5 Ne7 9. O-O Bg4 10. dxc5 O-O 11. Bxc6 Nxc6 12. Nxd5 Bxc5 13. Bf4 Nd4 14. Ne3 Nxf3+ 15. gxf3 Qxd1 16. Rfxd1 Bxf3 17. Rdc1 Rac8 18. a3 g6 19. Rc4 Bxe3 20. Rxc8 Bxf4 21. Rxf8+ Kxf8 22. Re1 Ke7 23. b4 Bc6 24. Rc1 a6 25. Rc4 Bxe5 26. f4 Bb2 0-1


[Site "https://www.chess.com"]

[Event "Titled Tuesday Blitz November 07 Early 2023"]
[White "Baskakov, Egor"]
[Black "Ahn, Hongjin"]
[WhiteFideId "24197866"]
[BlackFideId "13201492"]
[WhiteElo "2927"]
[BlackElo "2500"]
[Result "1-0"]
[Round "1"]
[TimeControl "180+1"]
[Date "2023.11.07"]
[WhiteClock "0:01:27"]
[BlackClock "0:00:56"]
[Board "31"]

1. e4 c5 2. Nf3 Nc6 3. Nc3 e5 4. g3 g6 5. Bg2 Bg7 6. d3 Nge7 7. O-O O-O 8. Nd5 Nxd5 9. exd5 Ne7 10. c3 d6 11. d4 exd4 12. cxd4 c4 13. Nd2 b5 14. a4 Qb6 15. axb5 Qxb5 16. Qe2 Nf5 17. Qxc4 Nxd4 18. Qxb5 Nxb5 19. Ra5 Bd7 20. Nc4 Rac8 21. b3 Bd4 22. Bf4 Bc5 23. Ra6 Nc7 24. Rxd6 Bxd6 25. Nxd6 Rcd8 26. Nb7 Rb8 27. Nc5 Bb5 28. Bxc7 Bxf1 29. Bxf1 Rbc8 30. d6 1-0


[Site "https://www.chess.com"]

[Event "Titled Tuesday Blitz November 07 Early 2023"]
[White "Rama, Tejas"]
[Black "Khismatullin, Denis"]
[WhiteFideId "30907381"]
[BlackFideId "4142578"]
[WhiteElo "2499"]
[BlackElo "2925"]
[Result "0-1"]
[Round "1"]
[TimeControl "180+1"]
[Date "2023.11.07"]
[WhiteClock "0:00:08"]
[BlackClock "0:00:18"]
[Board "32"]

1. d4 Nf6 2. c4 e6 3. Nf3 Bb4+ 4. Bd2 Bxd2+ 5. Qxd2 O-O 6. Nc3 d5 7. e3 Qe7 8. Bd3 dxc4 9. Bxc4 Rd8 10. O-O c5 11. Rad1 Nc6 12. Qe2 cxd4 13. exd4 Bd7 14. Rfe1 Na5 15. Bd3 Bc6 16. Ne5 Rac8 17. Bb1 Bd5 18. Rd3 Nc6 19. Red1 g6 20. Rh3 Qf8 21. Qe3 Qg7 22. Qg5 Ne7 23. Rhd3 h6 24. Qd2 Nf5 25. Nxd5 Rxd5 26. a3 Rcd8 27. Qb4 Nd7 28. Qxb7 Nxe5 29. dxe5 Qxe5 30. Rxd5 Rxd5 31. Qc8+ Kg7 32. Qc1 Nd4 33. Bd3 Ne2+ 34. Bxe2 Qxe2 35. Rxd5 exd5 36. g3 d4 37. Qf1 d3 38. f4 Qe3+ 39. Qf2 Qc1+ 40. Kg2 d2 41. Qd4+ Kh7 42. Qf6 Qc7 43. Qd4 Qc2 0-1


[Site "https://www.chess.com"]

[Event "Titled Tuesday Blitz November 07 Early 2023"]
[White "Kukhmazov, Arsen"]
[Black "Dinu, Dumitru-Daniel"]
[WhiteFideId "24108260"]
[BlackFideId "1208403"]
[WhiteElo "2911"]
[BlackElo "2499"]
[Result "1-0"]
[Round "1"]
[TimeControl "180+1"]
[Date "2023.11.07"]
[WhiteClock "0:00:36"]
[BlackClock "0:00:36"]
[Board "33"]

1. d4 Nf6 2. c4 e6 3. Nf3 b6 4. a3 Bb7 5. Nc3 Be7 6. d5 exd5 7. cxd5 O-O 8. e4 d6 9. Bd3 Nbd7 10. O-O Re8 11. b4 a5 12. Bb2 axb4 13. axb4 Ng4 14. Rxa8 Qxa8 15. Bb5 Rd8 16. Nd4 Ngf6 17. Nc6 Bxc6 18. Bxc6 Qc8 19. Nb5 Ne5 20. Bxe5 dxe5 21. Qb1 Bd6 22. f3 Rf8 23. Qb2 Qd8 24. Ra1 Nh5 25. Qd2 Nf4 26. g3 Nh3+ 27. Kg2 Ng5 28. h4 Nxf3 29. Kxf3 f5 30. exf5 Rxf5+ 31. Kg2 Qf6 32. Bd7 Rf3 33. Be6+ Kh8 34. Ra8+ Bf8 35. Bg4 Rf1 36. Qe2 Rb1 37. Qf2 Qxf2+ 38. Kxf2 h5 39. Rxf8+ Kh7 40. Bf5+ g6 41. Bxb1 1-0


[Site "https://www.chess.com"]

[Event "Titled Tuesday Blitz November 07 Early 2023"]
[White "Minko, Dmitry"]
[Black "Aravindh, Chithambaram VR."]
[WhiteFideId "24188468"]
[BlackFideId "5072786"]
[WhiteElo "2496"]
[BlackElo "2909"]
[Result "0-1"]
[Round "1"]
[TimeControl "180+1"]
[Date "2023.11.07"]
[WhiteClock "0:00:04"]
[BlackClock "0:00:08"]
[Board "34"]

1. e4 e5 2. Nf3 d6 3. d4 exd4 4. Qxd4 Nf6 5. Bg5 Be7 6. Nc3 O-O 7. O-O-O Nc6 8. Qd3 Be6 9. h4 h6 10. Bf4 Ng4 11. Qd2 a5 12. Kb1 Bf6 13. Nd5 Nb4 14. a3 Nxd5 15. exd5 Bd7 16. Nd4 Bxh4 17. g3 Bf6 18. f3 Ne5 19. g4 Re8 20. g5 hxg5 21. Bg3 c5 22. dxc6 bxc6 23. f4 gxf4 24. Bxf4 Qb6 25. Qh2 Kf8 26. c3 Rab8 27. Re1 c5 28. Nf3 Be6 29. Nxe5 dxe5 30. Bxe5 Bxe5 31. Rxe5 Bf5+ 32. Kc1 Rxe5 33. Qxe5 Qxb2+ 0-1


[Site "https://www.chess.com"]

[Event "Titled Tuesday Blitz November 07 Early 2023"]
[White "Bauman_Guy"]
[Black "Dedona, Mark"]
[BlackFideId "30920256"]
[WhiteElo "2907"]
[BlackElo "2496"]
[Result "1-0"]
[Round "1"]
[TimeControl "180+1"]
[Date "2023.11.07"]
[WhiteClock "0:00:10"]
[BlackClock "0:00:14"]
[Board "35"]

1. e4 c5 2. Nf3 d6 3. d4 cxd4 4. Nxd4 Nf6 5. Nc3 a6 6. h3 Nc6 7. g3 g6 8. Bg2 Nxd4 9. Qxd4 Bg7 10. Be3 O-O 11. Qd2 Rb8 12. a4 b5 13. axb5 axb5 14. O-O b4 15. Ne2 Nd7 16. Nd4 Qc7 17. Ra2 Nc5 18. Rfa1 Bd7 19. Ra7 Rb7 20. Rxb7 Qxb7 21. e5 Qc7 22. exd6 Qxd6 23. Qxb4 Rb8 24. Qa3 Bxd4 25. Rd1 Bxb2 26. Rxd6 Bxa3 27. Bxc5 Bxc5 28. Rxd7 Rb2 29. Be4 h5 30. h4 Kg7 31. Kg2 Rb4 32. Bd3 Rd4 33. Rc7 Bd6 34. Rb7 Kf6 35. Kf3 Ra4 36. Ke2 Rd4 37. c4 Be5 38. c5 Rd5 39. c6 Rc5 40. Be4 Bd6 41. Rb2 Ke5 42. Bf3 f5 43. Rd2 f4 44. Kf1 fxg3 45. fxg3 Rc3 46. Kg2 Kf6 47. Re2 Rc4 48. Rf2 Ke5 49. Re2+ Kf6 50. Bd5 Rc3 51. Rf2+ Ke5 52. Bf3 Kd4 53. Re2 Kd3 54. Re6 Rc2+ 55. Kh3 Rc3 56. Rxg6 Kd4 57. Bxh5 Rxc6 58. Rg4+ Ke5 59. Bg6 Kf6 60. h5 Kg7 61. Be4+ 1-0


[Site "https://www.chess.com"]

[Event "Titled Tuesday Blitz November 07 Early 2023"]
[White "Kalogeris, Ioannis"]
[Black "Ashraf, Artin"]
[WhiteFideId "4239563"]
[BlackFideId "22514805"]
[WhiteElo "2496"]
[BlackElo "2901"]
[Result "1-0"]
[Round "1"]
[TimeControl "180+1"]
[Date "2023.11.07"]
[WhiteClock "0:00:07"]
[BlackClock "0:00:00"]
[Board "36"]

1. e4 c5 2. Nf3 d6 3. Bb5+ Nc6 4. a4 Nf6 5. Nc3 Bd7 6. O-O a6 7. Bxc6 Bxc6 8. e5 Nd5 9. Ne4 e6 10. d4 cxd4 11. Qxd4 dxe5 12. Nxe5 Nf6 13. Nxf6+ gxf6 14. Nxc6 bxc6 15. Qc3 Rc8 16. Be3 Bd6 17. Rad1 Qe7 18. Rfe1 Bb4 19. Qc4 Bxe1 20. Rxe1 a5 21. Bc5 Qd7 22. Qf4 Qd8 23. Qh6 Qd5 24. Qxf6 Qxc5 25. Qxh8+ Kd7 26. Qxh7 Rf8 27. Qd3+ Kc7 28. Rd1 Kb6 29. c3 e5 30. b4 axb4 31. cxb4 Qe7 32. a5+ Kc7 33. Qa6 Rb8 34. Rc1 Qd6 35. b5 c5 36. b6+ Kd8 37. Qa7 Ke8 38. Qc7 Qxc7 39. bxc7 Ra8 40. Rxc5 Kd7 41. h4 Kc8 42. h5 Ra6 43. g4 Rh6 44. Kg2 1-0


[Site "https://www.chess.com"]

[Event "Titled Tuesday Blitz November 07 Early 2023"]
[White "Svane, Frederik"]
[Black "Santos Flores, Alberto"]
[WhiteFideId "12923044"]
[BlackFideId "3601234"]
[WhiteElo "2901"]
[BlackElo "2495"]
[Result "1-0"]
[Round "1"]
[TimeControl "180+1"]
[Date "2023.11.07"]
[WhiteClock "0:00:06"]
[BlackClock "0:00:10"]
[Board "37"]

1. g3 d5 2. Nf3 Nf6 3. Bg2 c6 4. O-O Bf5 5. c4 e6 6. Qb3 Qb6 7. d3 dxc4 8. Qxc4 Nbd7 9. e4 Bg6 10. Qc2 Be7 11. Be3 Bc5 12. d4 Be7 13. Ne5 Qd8 14. Nc3 Nxe5 15. dxe5 Nd7 16. f4 Bc5 17. Bxc5 Nxc5 18. Qf2 Qb6 19. Rad1 O-O 20. g4 h6 21. Rd6 Rad8 22. Rfd1 Rxd6 23. exd6 Nd7 24. Qxb6 axb6 25. Kf2 e5 26. f5 Bh7 27. Ke3 Rd8 28. h4 f6 29. Bf1 Kf8 30. b4 Bg8 31. a4 Nb8 32. Kf3 Na6 33. Bxa6 bxa6 34. a5 bxa5 35. bxa5 Rb8 36. Rd3 Bc4 37. Re3 Ke8 38. Na4 Kd7 39. Nb6+ Rxb6 40. axb6 Kxd6 41. g5 hxg5 42. hxg5 Bb5 43. Re1 c5 44. g6 c4 45. Rh1 c3 46. Ke3 Bc6 47. Rc1 Kc5 48. Rxc3+ Kxb6 49. Rc1 a5 50. Rh1 a4 51. Kd3 a3 52. Ra1 Bb5+ 53. Ke3 Kc5 54. Rxa3 Kb4 55. Ra7 1-0


[Site "https://www.chess.com"]

[Event "Titled Tuesday Blitz November 07 Early 2023"]
[White "Bettalli, Francesco"]
[Black "AlmasRakhmatullaev"]
[WhiteFideId "2816453"]
[WhiteElo "2494"]
[BlackElo "2900"]
[Result "1-0"]
[Round "1"]
[TimeControl "180+1"]
[Date "2023.11.07"]
[WhiteClock "0:01:05"]
[BlackClock "0:00:17"]
[Board "38"]

1. e4 c5 2. Nc3 g6 3. Bc4 Bg7 4. h4 h5 5. Qf3 e6 6. d4 cxd4 7. Nb5 d6 8. Bf4 Be5 9. Bxe5 dxe5 10. Qa3 Rh7 11. Nf3 f6 12. Nd6+ Kd7 13. Nxc8 Qxc8 14. Nxe5+ fxe5 15. Bxe6+ Kxe6 16. Qh3+ Kd6 17. Qxc8 Nf6 18. c3 1-0


[Site "https://www.chess.com"]

[Event "Titled Tuesday Blitz November 07 Early 2023"]
[White "Melkumyan, Hrant"]
[Black "Grossboss19"]
[WhiteFideId "13302485"]
[WhiteElo "2893"]
[BlackElo "2493"]
[Result "1/2-1/2"]
[Round "1"]
[TimeControl "180+1"]
[Date "2023.11.07"]
[WhiteClock "0:00:02"]
[BlackClock "0:00:04"]
[Board "39"]

1. Nf3 Nf6 2. c4 e6 3. g3 d5 4. Bg2 Be7 5. O-O O-O 6. b3 b6 7. Bb2 Bb7 8. e3 c5 9. Qe2 Nbd7 10. Rd1 Qc7 11. Nc3 a6 12. Rac1 Rac8 13. d4 dxc4 14. bxc4 Rfd8 15. d5 exd5 16. cxd5 b5 17. e4 Bd6 18. a4 b4 19. Na2 Re8 20. Nh4 Be5 21. Nxb4 Bxb2 22. Qxb2 Qb6 23. Nd3 Qxb2 24. Nxb2 Nxe4 25. Nf5 Rb8 26. Nc4 g6 27. Nfd6 Nxd6 28. Nxd6 Red8 29. Ne4 Rbc8 30. Nd6 Rb8 31. a5 Ba8 32. Ne4 Rb5 33. Ra1 c4 34. Nc3 Rc5 35. d6 Bxg2 36. Kxg2 Ne5 37. Rd4 Nc6 38. Rf4 Rxa5 39. Rb1 Rxd6 40. Rxc4 Kg7 41. Rb6 Ne5 42. Rxd6 Nxc4 43. Rd7 Ne5 44. Ra7 Ra3 45. Ne4 Ra2 46. Nd6 g5 47. h3 h5 48. Re7 Kf6 49. Re8 Nd3 50. Ne4+ Kg7 51. Rd8 Ne1+ 52. Kf1 Nf3 53. Rd5 Kg6 54. Rd6+ Kf5 55. Nc5 g4 56. hxg4+ hxg4 57. Rd5+ Kg6 58. Nd3 Ra1+ 59. Ke2 Kg7 60. Ke3 Ne1 61. Nf4 Ra3+ 62. Ke2 Nf3 63. Rd7 Kf6 64. Rb7 a5 65. Nd5+ Ke6 66. Ne3 Ne5 67. Rb6+ Ke7 68. Rb5 f6 69. Rb7+ Ke6 70. Rb6+ Kf7 71. Ra6 a4 72. Nd5 Ra2+ 73. Ke3 Ra3+ 74. Ke4 Rf3 75. Ra7+ Kg6 76. Nf4+ Kh6 77. Ra6 Kg5 78. Ne6+ Kg6 79. Nf4+ Kg5 80. Ra8 Kh6 81. Kf5 Nd3 82. Kxf6 Kh7 83. Ra7+ Kh6 84. Ra8 Kh7 85. Kg5 Nxf4 86. Ra7+ Kg8 87. gxf4 Rxf2 88. f5 g3 89. Kg6 Kf8 90. f6 Ke8 91. f7+ Kd8 92. Ra8+ Kc7 93. Rxa4 g2 94. Rg4 Kd7 95. Kg7 Ke7 96. Re4+ Kd7 97. Rg4 Ke7 98. Re4+ Kd7 99. Rd4+ Ke7 100. Re4+ 1/2-1/2


[Site "https://www.chess.com"]

[Event "Titled Tuesday Blitz November 07 Early 2023"]
[White "Mystery2007"]
[Black "Sethuraman, S.P."]
[BlackFideId "5021596"]
[WhiteElo "2490"]
[BlackElo "2891"]
[Result "0-1"]
[Round "1"]
[TimeControl "180+1"]
[Date "2023.11.07"]
[WhiteClock "0:00:00"]
[BlackClock "0:01:14"]
[Board "40"]

1. Nf3 c5 2. b3 d5 3. Bb2 f6 4. d3 e5 5. e4 d4 6. g3 Nc6 7. Bg2 Be6 8. Nbd2 Qd7 9. h4 Nh6 10. h5 Bg4 11. Qe2 Qf7 12. Rh4 Be7 13. Bh3 f5 14. exf5 Bxh4 15. Bxg4 Nxg4 16. Nxh4 Qxh5 17. Ne4 O-O-O 18. Nxc5 g5 19. fxg6 hxg6 20. O-O-O Rhf8 21. f4 Ne3 22. Qxh5 gxh5 23. Ne6 Nxd1 24. Kxd1 exf4 25. gxf4 Rg8 26. Nxd8 Kxd8 27. Nf5 Rg1+ 28. Kd2 Rg2+ 29. Kd1 Rg4 30. Nxd4 h4 31. Nxc6+ bxc6 32. Be5 h3 33. f5 Rg2 34. f6 Ke8 35. Kc1 Kf7 36. Kb2 Ke6 37. Bc7 h2 38. Bxh2 Rxh2 0-1


[Site "https://www.chess.com"]

[Event "Titled Tuesday Blitz November 07 Early 2023"]
[White "Donchenko, Alexander"]
[Black "Reprintsev, Alexander"]
[WhiteFideId "24603295"]
[BlackFideId "14100541"]
[WhiteElo "2887"]
[BlackElo "2488"]
[Result "1-0"]
[Round "1"]
[TimeControl "180+1"]
[Date "2023.11.07"]
[WhiteClock "0:02:03"]
[BlackClock "0:02:01"]
[Board "41"]

1. d4 d5 2. c4 e5 3. dxe5 d4 4. Nf3 Nc6 5. a3 g6 6. e3 Bg4 7. Be2 Bxf3 8. Bxf3 Nge7 9. exd4 Qxd4 10. Qxd4 Nxd4 11. Bd1 Nec6 12. O-O Bg7 13. f4 f6 14. exf6 Bxf6 15. Nc3 O-O-O 16. Nd5 Bg7 17. Bd2 Rhe8 18. Bc3 Ne7 19. Bg4+ Nef5 20. Rad1 Kb8 21. Bxf5 Nxf5 22. Bxg7 Nxg7 23. Nf6 Rh8 24. Nxh7 Ne6 25. Rxd8+ Rxd8 26. Ng5 Nc5 27. f5 gxf5 28. Rxf5 Nd3 29. b4 c5 30. bxc5 Rc8 31. Ne6 Re8 32. Rf8 Rxf8 33. Nxf8 Nxc5 34. h4 Kc7 35. h5 Ne4 36. h6 Ng5 37. h7 Nf7 38. Ng6 Kc6 39. h8=Q Nxh8 40. Nxh8 1-0


[Site "https://www.chess.com"]

[Event "Titled Tuesday Blitz November 07 Early 2023"]
[White "Kopczynski, Michal"]
[Black "Mikaelyan, Arman"]
[WhiteFideId "1124200"]
[BlackFideId "13304852"]
[WhiteElo "2486"]
[BlackElo "2887"]
[Result "0-1"]
[Round "1"]
[TimeControl "180+1"]
[Date "2023.11.07"]
[WhiteClock "0:00:00"]
[BlackClock "0:00:21"]
[Board "42"]

1. e4 e5 2. Nf3 Nc6 3. Bb5 a6 4. Ba4 Nf6 5. d3 d6 6. h3 Be7 7. O-O O-O 8. Nc3 b5 9. Bb3 Na5 10. Ne2 c5 11. c3 Nxb3 12. axb3 Bb7 13. Ng3 d5 14. exd5 Qxd5 15. Nf5 Rfe8 16. Re1 Bf8 17. Bg5 Nd7 18. N3h4 f6 19. Be3 g6 20. Qg4 Kf7 21. Ng3 Rad8 22. f4 exf4 23. Bxf4 Ne5 24. Bxe5 Rxe5 25. Ne4 Qxd3 26. Rad1 Rxe4 27. Rxd3 Rxe1+ 28. Kf2 Rxd3 29. Kxe1 Bh6 30. Nf3 Rd6 31. Qg3 Ke7 32. Qh4 Re6+ 33. Kf1 Bg7 34. Qxh7 Kf7 35. h4 Be4 36. h5 g5 37. Ne5+ Rxe5 0-1


[Site "https://www.chess.com"]

[Event "Titled Tuesday Blitz November 07 Early 2023"]
[White "Zhigalko, Sergei"]
[Black "Garagulya, Konstantin"]
[WhiteFideId "13502956"]
[BlackFideId "4128931"]
[WhiteElo "2887"]
[BlackElo "2485"]
[Result "1-0"]
[Round "1"]
[TimeControl "180+1"]
[Date "2023.11.07"]
[WhiteClock "0:00:24"]
[BlackClock "0:00:00"]
[Board "43"]

1. e4 c5 2. Nf3 a6 3. c3 d5 4. exd5 Qxd5 5. d4 Nf6 6. Be3 cxd4 7. cxd4 e6 8. Nc3 Qd6 9. Bd3 Nc6 10. O-O Be7 11. Qe2 O-O 12. Rad1 Rd8 13. Rfe1 b5 14. Bg5 Bb7 15. Bb1 g6 16. a3 Rac8 17. Ba2 b4 18. Na4 bxa3 19. bxa3 Nb8 20. Nc5 Bd5 21. Bb1 a5 22. Ne5 Nc6 23. Nb7 Qc7 24. Nxd8 Rxd8 25. Ba2 Bxa2 26. Nxc6 Qxc6 27. Qxa2 Rd5 28. Bh4 1-0


[Site "https://www.chess.com"]

[Event "Titled Tuesday Blitz November 07 Early 2023"]
[White "Van Foreest, Machteld"]
[Black "Talibov, Shiroghlan"]
[WhiteFideId "1051563"]
[BlackFideId "13429078"]
[WhiteElo "2481"]
[BlackElo "2885"]
[Result "0-1"]
[Round "1"]
[TimeControl "180+1"]
[Date "2023.11.07"]
[WhiteClock "0:00:00"]
[BlackClock "0:01:25"]
[Board "44"]

1. e4 c6 2. d4 d5 3. exd5 cxd5 4. Nf3 Nc6 5. Bd3 Bg4 6. c3 Qc7 7. O-O e6 8. h3 Bh5 9. Nbd2 Bd6 10. Re1 Nge7 11. Nf1 h6 12. b4 Bg6 13. Ne3 O-O 14. Ng4 Bh5 15. Ne3 e5 16. dxe5 Nxe5 17. Be2 Nxf3+ 18. gxf3 Qxc3 19. Bd2 Qe5 20. f4 Qxf4 21. Bxh5 Qh2+ 22. Kf1 Qxh3+ 23. Ng2 Qh1+ 24. Ke2 Qxg2 25. Bf3 Qg6 26. Rg1 Qe6+ 27. Kf1 Ng6 28. Qc2 Rae8 29. Re1 Qh3+ 30. Bg2 Rxe1+ 31. Bxe1 Qh5 32. Bc3 Be5 33. Rh1 Qg5 0-1


[Site "https://www.chess.com"]

[Event "Titled Tuesday Blitz November 07 Early 2023"]
[White "Steinberg, Nitzan"]
[Black "Kanyamarala, Trisha"]
[WhiteFideId "2801795"]
[BlackFideId "45004722"]
[WhiteElo "2882"]
[BlackElo "2481"]
[Result "1-0"]
[Round "1"]
[TimeControl "180+1"]
[Date "2023.11.07"]
[WhiteClock "0:01:21"]
[BlackClock "0:00:59"]
[Board "45"]

1. Nf3 d5 2. g3 Nf6 3. Bg2 c5 4. O-O d4 5. c3 Nc6 6. cxd4 cxd4 7. Qa4 Bd7 8. Nxd4 Nxd4 9. Qxd4 e6 10. Nc3 Be7 11. d3 Qc7 12. Bf4 Qb6 13. Qxb6 axb6 14. Bxb7 Ra7 15. Bg2 O-O 16. Rfc1 b5 17. Be3 Ra6 18. Ne4 Nd5 19. Bc5 f5 20. Bxe7 Nxe7 21. Nc5 Ra7 22. a3 Kf7 23. f4 Bc6 24. Bxc6 Nxc6 25. Nxe6 Kxe6 26. Rxc6+ Kd5 27. Rac1 Kd4 28. Kf2 Rd7 29. R1c5 h6 30. Rxb5 g5 31. Rc4# 1-0


[Site "https://www.chess.com"]